| TOP OF THE 1ST |
|
San Diego (APP) Padres batting - Pitching for Danville Braves : RHP Luis Yanez
|
|
Pitching: RHP Luis Yanez
|
|
|
Batting: RHB Alex Collazo
|
0-0: Foul Ball, location: 2F 0-1: Foul Ball, location: 2F 0-2: Ball 1-2: Fly out, F8 (Line Drive, 8RD, EV 98.8 MPH)
|
|
Batting: RHB Adrian Cook
|
0-0: Foul Ball, location: 2F 0-1: Foul Ball, location: 2F 0-2: SOLO HOME RUN (Flyball, 7LD, EV 94.4 MPH), Distance : 363 ft
|
|
Batting: LHB Justin Daley
|
0-0: Called Strike 0-1: Ball 1-1: Swinging Strike 1-2: SOLO HOME RUN (Line Drive, 7D, EV 100.0 MPH), Distance : 361 ft
|
|
Batting: RHB Eric McMillian
|
0-0: Ball 1-0: Called Strike 1-1: Called Strike 1-2: Ground out 6-3 (Groundball, 6M, EV 91.9 MPH)
|
|
Batting: RHB Brian Klinkner
|
0-0: Called Strike 0-1: SOLO HOME RUN (Flyball, 9D, EV 96.9 MPH), Distance : 351 ft
|
|
Batting: RHB Max Stillo
|
0-0: Ball 1-0: Ball 2-0: Called Strike 2-1: Called Strike 2-2: Ball 3-2: Strikes out looking
|
| Top of the 1st over - 3 runs, 3 hits, 0 errors, 0 left on base; San Diego (APP) 3 - Danville 0 |
| BOTTOM OF THE 1ST |
|
Danville Braves batting - Pitching for San Diego (APP) Padres : LHP Bill Hussey
|
|
Pitching: LHP Bill Hussey
|
|
|
Batting: RHB Danny Dimas
|
0-0: Ball 1-0: Swinging Strike 1-1: Swinging Strike 1-2: Strikes out looking
|
|
Batting: RHB Alex Guerra
|
0-0: Ball 1-0: Called Strike 1-1: Foul Ball, location: 2F 1-2: Ball 2-2: Foul Ball, location: 2F 2-2: Strikes out swinging
|
|
Batting: RHB Richard Saquic
|
0-0: Foul Ball, location: 2F 0-1: Ball 1-1: Foul Ball, location: 2F 1-2: Ball 2-2: DOUBLE (Flyball, 78XD, EV 98.8 MPH)
|
|
Batting: RHB Rodolfo Cosme
|
0-0: Called Strike 0-1: TRIPLE (Flyball, 9LD, EV 103.1 MPH) Richard Saquic scores
|
|
Batting: RHB Paul Holland
|
0-0: Ball 1-0: Hit by Pitch
|
|
Batting: RHB Ricardo Joya
|
0-0: Ball Wild Pitch! Rodolfo Cosme scores Paul Holland to second 1-0: Called Strike 1-1: Ball 2-1: Ball 3-1: Called Strike 3-2: Strikes out swinging
|
| Bottom of the 1st over - 2 runs, 2 hits, 0 errors, 1 left on base; San Diego (APP) 3 - Danville 2 |
| TOP OF THE 2ND |
|
San Diego (APP) Padres batting - Pitching for Danville Braves : RHP Luis Yanez
|
|
Batting: RHB Brian DeVoe
|
0-0: Swinging Strike 0-1: Ball 1-1: Fly out, F8 (Flyball, 8RM, EV 96.9 MPH)
|
|
Batting: LHB Gary Corrales
|
0-0: Ball 1-0: Fly out, F6 (Popup, 15, EV 81.2 MPH)
|
|
Batting: RHB Rod Johnson
|
0-0: Ball 1-0: Swinging Strike 1-1: Ball 2-1: Ball 3-1: Foul Ball, location: 2F 3-2: Ground out 2-3 (Groundball, 2R, EV 65.0 MPH)
|
| Top of the 2nd over - 0 runs, 0 hits, 0 errors, 0 left on base; San Diego (APP) 3 - Danville 2 |
| BOTTOM OF THE 2ND |
|
Danville Braves batting - Pitching for San Diego (APP) Padres : LHP Bill Hussey
|
|
Batting: RHB Roman Lauder
|
0-0: Called Strike 0-1: Ball 1-1: Ball 2-1: Ball 3-1: Ground out 3-1 (Groundball, 34, EV 86.2 MPH)
|
|
Batting: RHB Aaron Sartini
|
0-0: Called Strike 0-1: Foul Ball, location: 2F 0-2: Ball 1-2: Ball 2-2: Strikes out swinging
|
|
Batting: RHB Chad Starnes
|
0-0: Foul Ball, location: 2F 0-1: Ball 1-1: Called Strike 1-2: Foul Ball, location: 2F 1-2: Ball 2-2: Strikes out swinging
|
| Bottom of the 2nd over - 0 runs, 0 hits, 0 errors, 0 left on base; San Diego (APP) 3 - Danville 2 |
| TOP OF THE 3RD |
|
San Diego (APP) Padres batting - Pitching for Danville Braves : RHP Luis Yanez
|
|
Batting: RHB Alex Collazo
|
0-0: Ground out 5-3 (Groundball, 56, EV 86.2 MPH)
|
|
Batting: RHB Adrian Cook
|
0-0: Ball 1-0: Foul Ball, location: 2F 1-1: SINGLE (Groundball, 56S, EV 66.9 MPH) (infield hit)
|
|
Batting: LHB Justin Daley
|
0-0: Called Strike 0-1: Ball 1-1: Ball 2-1: Ball 3-1: Base on Balls Adrian Cook to second
|
|
Batting: RHB Eric McMillian
|
0-0: Swinging Strike 0-1: Foul Ball, location: 2F 0-2: Foul Ball, location: 2F 0-2: Ball 1-2: Ball 2-2: Strikes out swinging
|
|
Batting: RHB Brian Klinkner
|
0-0: Ball 1-0: Foul Ball, location: 2F 1-1: Called Strike 1-2: Foul Ball, location: 2F 1-2: Strikes out swinging
|
| Top of the 3rd over - 0 runs, 1 hit, 0 errors, 2 left on base; San Diego (APP) 3 - Danville 2 |
| BOTTOM OF THE 3RD |
|
Danville Braves batting - Pitching for San Diego (APP) Padres : LHP Bill Hussey
|
|
Batting: RHB Danny Dimas
|
0-0: Called Strike 0-1: Bunt missed! 0-2: Foul Ball, location: 2F 0-2: Foul Ball, location: 2F 0-2: Ball 1-2: Fly out, F8 (Flyball, 8RD, EV 84.4 MPH)
|
|
Batting: RHB Alex Guerra
|
0-0: Foul Ball, location: 2F 0-1: Ball 1-1: Swinging Strike 1-2: Ball 2-2: Strikes out looking
|
|
Batting: RHB Richard Saquic
|
0-0: Ball 1-0: Foul Ball, location: 2F 1-1: Ball 2-1: Swinging Strike 2-2: Ball 3-2: Strikes out looking
|
| Bottom of the 3rd over - 0 runs, 0 hits, 0 errors, 0 left on base; San Diego (APP) 3 - Danville 2 |
| TOP OF THE 4TH |
|
San Diego (APP) Padres batting - Pitching for Danville Braves : RHP Luis Yanez
|
|
Batting: RHB Max Stillo
|
0-0: Ball 1-0: Foul Ball, location: 2F 1-1: Called Strike 1-2: Strikes out looking
|
|
Batting: RHB Brian DeVoe
|
0-0: Ball 1-0: Ball 2-0: Ground out 4-3 (Groundball, 4, EV 105.6 MPH)
|
|
Batting: LHB Gary Corrales
|
0-0: Called Strike 0-1: Ball 1-1: Called Strike 1-2: Ball 2-2: Ball 3-2: DOUBLE (Line Drive, 7LS, EV 93.8 MPH)
|
|
Batting: RHB Rod Johnson
|
0-0: Foul Ball, location: 2F 0-1: Ball 1-1: Fly out, F7 (Flyball, BS3, EV 104.4 MPH)
|
| Top of the 4th over - 0 runs, 1 hit, 0 errors, 1 left on base; San Diego (APP) 3 - Danville 2 |
| BOTTOM OF THE 4TH |
|
Danville Braves batting - Pitching for San Diego (APP) Padres : LHP Bill Hussey
|
|
Batting: RHB Rodolfo Cosme
|
0-0: Called Strike 0-1: Ball 1-1: Swinging Strike 1-2: Foul Ball, location: 2F 1-2: Foul Ball, location: 2F 1-2: Foul Ball, location: 2F 1-2: Ball 2-2: Foul Ball, location: 2F 2-2: Strikes out swinging
|
|
Batting: RHB Paul Holland
|
0-0: Ball 1-0: Called Strike 1-1: Ball 2-1: Ground out 5-3 (Groundball, 5, EV 87.5 MPH)
|
|
Batting: RHB Ricardo Joya
|
0-0: Foul Ball, location: 2F 0-1: Swinging Strike 0-2: Ball 1-2: Strikes out swinging
|
| Bottom of the 4th over - 0 runs, 0 hits, 0 errors, 0 left on base; San Diego (APP) 3 - Danville 2 |
| TOP OF THE 5TH |
|
San Diego (APP) Padres batting - Pitching for Danville Braves : RHP Luis Yanez
|
|
Batting: RHB Alex Collazo
|
0-0: Foul Ball, location: 2F 0-1: Swinging Strike 0-2: Ball 1-2: Ball 2-2: Ball 3-2: SINGLE (Groundball, 4MD, EV 98.1 MPH)
|
|
Batting: RHB Adrian Cook
|
0-0: Ball 1-0: Foul Ball, location: 2F 1-1: Called Strike 1-2: Strikes out swinging
|
|
Batting: LHB Justin Daley
|
0-0: Ball 1-0: Ball 2-0: SINGLE (Flyball, 4D, EV 90.0 MPH) Alex Collazo to second
|
|
Batting: RHB Eric McMillian
|
0-0: Called Strike 0-1: Ball 1-1: Fielders Choice at 2nd, 5-4 (Groundball, 56, EV 85.6 MPH) Alex Collazo to third
|
|
Batting: RHB Brian Klinkner
|
0-0: Foul Ball, location: 2F 0-1: Ground out 4-3 (Groundball, 34, EV 85.0 MPH)
|
| Top of the 5th over - 0 runs, 2 hits, 0 errors, 2 left on base; San Diego (APP) 3 - Danville 2 |
| BOTTOM OF THE 5TH |
|
Danville Braves batting - Pitching for San Diego (APP) Padres : LHP Bill Hussey
|
|
Batting: RHB Roman Lauder
|
0-0: Foul Ball, location: 2F 0-1: SOLO HOME RUN (Flyball, 7D, EV 97.5 MPH), Distance : 375 ft
|
|
Batting: RHB Aaron Sartini
|
0-0: Ball 1-0: Called Strike 1-1: Swinging Strike 1-2: Strikes out swinging
|
|
Batting: RHB Chad Starnes
|
0-0: Foul Ball, location: 2F 0-1: Ball 1-1: Foul Ball, location: 2F 1-2: Ball 2-2: Strikes out swinging
|
|
Batting: RHB Danny Dimas
|
0-0: Called Strike 0-1: Foul Ball, location: 2F 0-2: Ball 1-2: Fly out, F7 (Flyball, 7LM, EV 110.0 MPH)
|
| Bottom of the 5th over - 1 run, 1 hit, 0 errors, 0 left on base; San Diego (APP) 3 - Danville 3 |
| TOP OF THE 6TH |
|
San Diego (APP) Padres batting - Pitching for Danville Braves : RHP Luis Yanez
|
|
Pitching: LHP Joel Littlejohn
|
|
|
Batting: RHB Max Stillo
|
0-0: Called Strike 0-1: Ball 1-1: Ball 2-1: Called Strike 2-2: Ball 3-2: Foul Ball, location: 2F 3-2: Foul Ball, location: 2F 3-2: Ground out U3 (Groundball, 34, EV 84.4 MPH)
|
|
Batting: RHB Brian DeVoe
|
0-0: Called Strike 0-1: Ball 1-1: Called Strike 1-2: Foul Ball, location: 2F 1-2: Foul Ball, location: 2F 1-2: Fly out, F7 (Flyball, 7, EV 85.6 MPH)
|
|
Pinch Hitting: RHB Ricardo Ortiz
|
0-0: Ball 1-0: Ground out 6-3 (Groundball, 56, EV 100.0 MPH)
|
| Top of the 6th over - 0 runs, 0 hits, 0 errors, 0 left on base; San Diego (APP) 3 - Danville 3 |
| BOTTOM OF THE 6TH |
|
Danville Braves batting - Pitching for San Diego (APP) Padres : LHP Bill Hussey
|
|
Pitching: RHP Kendrick Quinton
|
|
|
Now in LF: Gabriel Diaz
|
|
|
Batting: RHB Alex Guerra
|
0-0: Foul Ball, location: 2F 0-1: Ball 1-1: Called Strike 1-2: SINGLE (Flyball, 6MD, EV 81.2 MPH)
|
|
Batting: RHB Richard Saquic
|
0-0: Ball 1-0: Ball 2-0: Ball 3-0: Called Strike 3-1: Base on Balls Alex Guerra to second
|
|
Batting: RHB Rodolfo Cosme
|
0-0: Ball 1-0: Ball 2-0: Ball 3-0: Base on Balls Alex Guerra to third Richard Saquic to second
|
|
Batting: RHB Paul Holland
|
0-0: Called Strike 0-1: Fly out, F7 (Flyball, 7D, EV 99.4 MPH) Runner from 3rd tags up, SCORES, no throw by LF Richard Saquic to third
|
|
Batting: RHB Ricardo Joya
|
0-0: Ball 1-0: Called Strike 1-1: Ball 2-1: Swinging Strike 2-2: Fly out, F7 (Flyball, 7LS, EV 86.9 MPH)
|
|
Batting: RHB Roman Lauder
|
0-0: Ball 1-0: Ball 2-0: Ball 3-0: Base on Balls Rodolfo Cosme to second
|
|
Pitching: LHP Cory Watson
|
|
|
Batting: RHB Aaron Sartini
|
0-0: Ball 1-0: Called Strike 1-1: Fly out, F2 (Popup, 25F, EV 90.0 MPH)
|
| Bottom of the 6th over - 1 run, 1 hit, 0 errors, 3 left on base; San Diego (APP) 3 - Danville 4 |
| TOP OF THE 7TH |
|
San Diego (APP) Padres batting - Pitching for Danville Braves : LHP Joel Littlejohn
|
|
Batting: RHB Rod Johnson
|
0-0: Swinging Strike 0-1: Ball 1-1: Ball 2-1: Ball 3-1: Foul Ball, location: 2F 3-2: Strikes out swinging
|
|
Batting: RHB Alex Collazo
|
0-0: Called Strike 0-1: Ball 1-1: Called Strike 1-2: Ball 2-2: Strikes out swinging
|
|
Batting: RHB Adrian Cook
|
0-0: Ball 1-0: Ball 2-0: Ball 3-0: Called Strike 3-1: DOUBLE (Line Drive, 8RXD, EV 104.4 MPH)
|
|
Batting: LHB Justin Daley
|
0-0: Ball 1-0: Ground out 6-3 (Groundball, 56, EV 103.8 MPH)
|
| Top of the 7th over - 0 runs, 1 hit, 0 errors, 1 left on base; San Diego (APP) 3 - Danville 4 |
| BOTTOM OF THE 7TH |
|
Danville Braves batting - Pitching for San Diego (APP) Padres : LHP Cory Watson
|
|
Batting: RHB Chad Starnes
|
0-0: Foul Ball, location: 2F 0-1: Ball 1-1: Fly out, F8 (Line Drive, 8LS, EV 90.6 MPH)
|
|
Batting: RHB Danny Dimas
|
0-0: Called Strike 0-1: SINGLE (Groundball, 56, EV 93.8 MPH) (infield hit)
|
|
Batting: RHB Alex Guerra
|
0-0: Called Strike 0-1: Ball 1-1: SINGLE (Groundball, 34D, EV 98.8 MPH) - runner OUT being hit by batted ball. (infield hit)
|
|
Batting: RHB Richard Saquic
|
0-0: Foul Ball, location: 2F 0-1: Hit by Pitch Alex Guerra to second
|
|
Batting: RHB Rodolfo Cosme
|
0-0: Called Strike 0-1: Ball 1-1: Ball 2-1: Ball 3-1: Base on Balls Alex Guerra to third Richard Saquic to second
|
|
Pitching: RHP Dave Waterman
|
|
|
Batting: RHB Paul Holland
|
0-0: SINGLE (Flyball, 8LS, EV 96.9 MPH) Alex Guerra scores Richard Saquic to third Rodolfo Cosme to second Runner from 3rd tries for Home, SAFE, throw by CF to home
|
|
Batting: RHB Ricardo Joya
|
0-0: Called Strike 0-1: Ground out 4-3 (Groundball, 4, EV 105.0 MPH)
|
| Bottom of the 7th over - 2 runs, 3 hits, 0 errors, 2 left on base; San Diego (APP) 3 - Danville 6 |
| TOP OF THE 8TH |
|
San Diego (APP) Padres batting - Pitching for Danville Braves : LHP Joel Littlejohn
|
|
Batting: RHB Eric McMillian
|
0-0: Called Strike 0-1: Ball 1-1: Called Strike 1-2: Ball 2-2: Ball 3-2: Ground out 6-3 (Groundball, 56, EV 85.0 MPH)
|
|
Batting: RHB Brian Klinkner
|
0-0: Ball 1-0: SINGLE (Groundball, 56D, EV 94.4 MPH)
|
|
Pitching: RHP Outa Tamura
|
|
|
Batting: RHB Max Stillo
|
0-0: Ball 1-0: Foul Ball, location: 2F 1-1: Called Strike 1-2: Strikes out looking
|
|
Batting: RHB Brian DeVoe
|
0-0: Ball 1-0: Ball 2-0: Ball 3-0: Called Strike 3-1: 2-RUN HOME RUN (Flyball, 78XD, EV 96.2 MPH), Distance : 397 ft
|
|
Pinch Hitting: RHB Kevin Davis
|
0-0: Hit by Pitch
|
|
Pinch Hitting: RHB Phil McFadden
|
0-0: Ball 1-0: Fly out, F8 (Flyball, 8LXD, EV 87.5 MPH)
|
| Top of the 8th over - 2 runs, 2 hits, 0 errors, 1 left on base; San Diego (APP) 5 - Danville 6 |
| BOTTOM OF THE 8TH |
|
Danville Braves batting - Pitching for San Diego (APP) Padres : RHP Dave Waterman
|
|
Now at C: Phil McFadden
|
|
|
Now in LF: Adrian Cook
|
|
|
Now in CF: Antonio Martinez
|
|
|
Batting: RHB Roman Lauder
|
0-0: Called Strike 0-1: Foul Ball, location: 2F 0-2: Ball 1-2: Foul Ball, location: 2F 1-2: Strikes out swinging
|
|
Batting: RHB Aaron Sartini
|
0-0: DOUBLE (Line Drive, 78D, EV 111.9 MPH)
|
|
Batting: RHB Chad Starnes
|
0-0: Ball 1-0: Foul Ball, location: 2F 1-1: Called Strike 1-2: Strikes out swinging
|
|
Batting: RHB Danny Dimas
|
0-0: Foul Ball, location: 2F 0-1: Called Strike 0-2: Ball 1-2: Strikes out swinging
|
| Bottom of the 8th over - 0 runs, 1 hit, 0 errors, 1 left on base; San Diego (APP) 5 - Danville 6 |
| TOP OF THE 9TH |
|
San Diego (APP) Padres batting - Pitching for Danville Braves : RHP Outa Tamura
|
|
Now at 1B: Paul Holland
|
|
|
Now at 2B: Bart Stevensdick
|
|
|
Now at SS: Vicente Guillen
|
|
|
Batting: RHB Alex Collazo
|
0-0: Ball 1-0: Called Strike 1-1: Foul Ball, location: 2F 1-2: Ball 2-2: Ground out 4-3 (Groundball, 4, EV 85.0 MPH)
|
|
Batting: RHB Adrian Cook
|
0-0: Foul Ball, location: 2F 0-1: Called Strike 0-2: Ball 1-2: Hit by Pitch
|
|
Batting: LHB Justin Daley
|
0-0: Foul Ball, location: 2F 0-1: Ball 1-1: Ball 2-1: Ball 3-1: Called Strike 3-2: Strikes out swinging
|
|
Batting: RHB Eric McMillian
|
0-0: Fielders Choice at 2nd, 5-4 (Groundball, 5, EV 83.8 MPH)
|
| Top of the 9th over - 0 runs, 0 hits, 0 errors, 1 left on base; San Diego (APP) 5 - Danville 6 |
|